 Dungeon Crawl Stone Soup version 0.29.1-15-g9cfb28693d (webtiles) character file.

Game seed: 12664875448739532058

2582 Heoruswealwe the Shooter (level 9, -4/75 HPs)
             Began as a Demigod Hunter on Apr 30, 2023.
             Slain by an orc warrior
             ... wielding a +0 war axe
              (7 damage)
             ... in a bailey.
             The game lasted 01:01:49 (7527 turns).

Heoruswealwe the Shooter (Demigod Hunter)           Turns: 7527, Time: 01:01:50

Health: -4/75      AC:  9    Str: 12    XL:     9   Next: 11%
Magic:  11/11      EV: 19    Int: 11    God:
Gold:   348        SH:  0    Dex: 35    Spells: 8/8 levels left

rFire   + . .      SeeInvis .   b - +11 whip of the Spheres {vorpal, rC+}
rCold   + . .      Faith    .   (no shield)
rNeg    . . .      Spirit   .   c - +0 leather armour
rPois   .          Reflect  .   g - +2 helmet
rElec   .          Harm     .   h - +0 cloak
rCorr   .          Rampage  .   f - +0 pair of gloves
Will    .....                   e - +0 pair of boots
Stlth   ++++......              (no amulet)
HPRegen 0.22/turn               k - +6 ring of dexterity
MPRegen 0.12/turn               j - ring of protection from fire

@: no status effects
A: high MP 1, forlorn, divine attributes
a: no special abilities


You were in a bailey.
You visited 2 branches of the dungeon, and saw 9 of its levels.
You also visited: Bailey.

You collected 348 gold pieces.

Inventory:

Hand Weapons
 a - a +0 shortbow
 b - the +11 whip of the Spheres (weapon) {vorpal, rC+}
   (You found it on level 3 of the Dungeon)

   It inflicts extra damage upon your enemies.
   rC:        It protects you from cold.
 l - the +7 war axe "Lason" {protect, rPois rF++ Int+2 Stlth-}
   (You found it on level 3 of the Dungeon)

   It grants its wielder temporary protection when it strikes (+7 to AC).
   Int:       It affects your intelligence (+2).
   rF:        It greatly protects you from fire.
   rPois:     It protects you from poison.
   Stlth:     It makes you less stealthy.
Armour
 c - a +0 leather armour (worn)
 d - a +0 buckler
 e - a +0 pair of boots (worn)
 f - a +0 pair of gloves (worn)
 g - a +2 helmet (worn)
 h - a +0 cloak (worn)
Jewellery
 j - a ring of protection from fire (right hand)
 k - a +6 ring of dexterity (left hand)
Wands
 n - a wand of mindburst (19)
 t - a wand of polymorph (6)
 G - a wand of flame (36)
Scrolls
 o - 2 scrolls of summoning
 q - 3 scrolls of butterflies
 r - 2 scrolls of magic mapping
 s - 2 scrolls of enchant weapon
 y - 4 scrolls of teleportation
 z - 2 scrolls of enchant armour
 A - a scroll of silence {unknown}
Potions
 m - 3 potions of might {unknown}
 p - a potion of degeneration {unknown}
 u - a potion of magic {unknown}
 v - 2 potions of lignification {unknown}
 x - 3 potions of invisibility {unknown}
 B - 3 potions of ambrosia {unknown}
 C - a potion of mutation {unknown}
 D - 2 potions of cancellation {unknown}
 H - a potion of resistance {unknown}


   Skills:
 + Level 6.1 Fighting
 + Level 6.8 Ranged Weapons
 + Level 6.0 Dodging
 + Level 6.3 Stealth


You had 8 spell levels left.
You didn't know any spells.
Your spell library contained the following spells:

 Spells                   Type           Power      Damage    Failure   Level
 Poisonous Vapours        Pois/Air       0%         N/A       56%         2
 Static Discharge         Conj/Air       0%         3-3/arc   56%         2
 Inner Flame              Hex/Fire       0%         N/A       80%         3
 Cause Fear               Hex            0%         N/A       99%         4
 Corpse Rot               Necr/Pois/Air  0%         N/A       99%         4
 Lightning Bolt           Conj/Air       0%         1d11      100%        5
 Discord                  Hex            0%         N/A       100%        8
 Maxwell's Capacitive Co  Air            0%         ∞         100%        8


Dungeon Overview and Level Annotations

Branches:
Dungeon (8/15)             Temple (1/1) D:5          Bailey (1/1)
   Lair: D:8-11

Shops:
D:5 (


Innate Abilities, Weirdness & Mutations

You have an increased reservoir of magic. (+10% MP)
You shall have no god before yourself.
Your divine heritage dramatically boosts your attributes as you level up.


Message History

The orc warrior is heavily wounded.
The orc warrior barely misses you.
You hit the orc warrior.
The orc warrior is severely wounded.
The orc warrior hits you with a +0 war axe!
* * * LOW HITPOINT WARNING * * *
The orc warrior hits you with a +0 war axe.
* * * LOW HITPOINT WARNING * * *
Blink to where?
Press: ? - help, Dir - move target
As you read the scroll of blinking, it crumbles to dust.
a - a +0 shortbow (weapon)
You are too injured to fight recklessly!
Okay, then.
Fire: a) +0 shortbow
Press: ? - help, Q - select action, (/) - cycle Shift-Dir - straight line, f - orc warrior
Aim: an orc warrior, wielding a +0 war axe and wearing a +0 plate armour (severely wounded, 73% to hit)
You shoot an arrow.
The arrow barely misses the orc warrior.
The arrow hits the goblin!
You kill the goblin!
Fire: a) +0 shortbow
Press: ? - help, Q - select action, (/) - cycle Shift-Dir - straight line, f/p - orc warrior
Aim: an orc warrior, wielding a +0 war axe and wearing a +0 plate armour (severely wounded, 73% to hit)
You shoot an arrow.
The arrow hits the orc warrior but does no damage.
The orc warrior is severely wounded.
b - the +11 whip of the Spheres (weapon)
{vorpal, rC+} You hit the orc warrior but do no damage.
The orc warrior is severely wounded.
The orc warrior hits you with a +0 war axe!
* * * LOW HITPOINT WARNING * * *
You hit the orc warrior but do no damage.
The orc warrior is severely wounded.
The orc warrior hits you but does no damage.
You completely miss the orc warrior.
You punch the orc warrior, but do no damage.
The orc warrior is severely wounded.
The orc warrior hits you with a +0 war axe!
You die...

≈≈≈≈≈≈≈≈.........≈≈≈≈≈≈≈≈
≈≈≈≈≈≈≈≈≈≈≈...≈≈≈≈≈≈≈≈≈≈≈
≈≈≈≈≈≈≈≈≈≈≈...≈≈≈≈≈≈≈≈≈≈≈
≈≈≈≈≈≈≈≈≈≈≈...≈≈≈≈≈≈≈≈≈≈≈
≈≈≈≈≈≈≈≈≈≈≈...≈≈≈≈≈≈≈≈≈≈≈
##~~~~...~))~##
#........)..#
#####'')##### +...)@'..#
+.....o..# #..⌠..#..####
#.....#.....#
#.....#..)8.#
#######...).# ####8.#
#..# #8.#


You could see an orc warrior.

Vanquished Creatures
  Grinder (D:3)
  The ghost of Peloso the Covered, an amateur MiFi (D:3)
  4 yaks
  2 black bears (D:6)
  2 orc warriors (Bailey)
  A phantom (D:6)
  A scorpion (D:6)
  A bullfrog (D:7)
  4 wights (D:6)
  4 howler monkeys
  2 electric eels (Bailey)
  An orc priest (D:5)
  A gnoll bouda (D:6)
  Crazy Yiuf (D:4)
  2 hounds (D:6)
  2 jellies (D:6)
  Ijyb (D:3)
  3 iguanas
  2 orc wizards (D:5)
  12 gnolls
  8 adders
  3 shadow imps (D:6)
  4 worms
  4 dart slugs
  12 orcs
  2 bats
  6 endoplasms
  2 giant cockroaches
  15 hobgoblins
  6 jackals
  6 quokkas
  3 ball pythons
  A frilled lizard (D:1)
  18 goblins
  10 kobolds
  5 rats
  2 bushes (D:1)
155 creatures vanquished.

Vanquished Creatures (others)
  A plant (D:1)
1 creature vanquished.

Grand Total: 156 creatures vanquished

Notes
Turn   | Place    | Note
-------+----------+-------------------------------------------
     0 | D:1      | Heoruswealwe the Demigod Hunter began the quest for the
                  | Orb.
     0 | D:1      | Reached XP level 1. HP: 17/17 MP: 3/3
   847 | D:1      | Reached skill level 1 in Stealth
   908 | D:1      | Reached XP level 2. HP: 21/24 MP: 4/4
  1321 | D:1      | Reached XP level 3. HP: 29/29 MP: 5/5
  2032 | D:3      | Noticed Ijyb
  2051 | D:3      | Reached XP level 4. HP: 30/37 MP: 6/6
  2055 | D:3      | Killed Ijyb
  2100 | D:3      | Noticed Grinder
  2110 | D:3      | Killed Grinder
  2111 | D:3      | Reached XP level 5. HP: 23/45 MP: 7/7
  2112 | D:3      | Identified the +11 whip of the Spheres {vorpal, rC+}
  2372 | D:3      | Found a runed translucent gate.
  2373 | D:3      | Found a runed translucent gate.
  2373 | D:3      | Found a runed translucent gate.
  2373 | D:3      | Noticed Peloso's ghost (amateur MiFi)
  2429 | D:3      | Reached XP level 6. HP: 51/51 MP: 8/8
  2448 | D:3      | Killed Peloso's ghost
  2456 | D:3      | Identified the +7 war axe "Lason" {protect, rPois rF++
                  | Int+2 Stlth-}
  3119 | D:4      | Reached skill level 5 in Ranged Weapons
  3143 | D:4      | Found a runed translucent door.
  3144 | D:4      | Noticed Crazy Yiuf
  3152 | D:4      | Killed Crazy Yiuf
  3616 | D:5      | Entered Level 5 of the Dungeon
  3640 | D:5      | Reached XP level 7. HP: 55/58 MP: 9/9
  3772 | D:5      | Found a large runed translucent door.
  3779 | D:5      | Found a large runed translucent door.
  3845 | D:5      | Noticed a yak
  3855 | D:5      | Killed a yak
  4322 | D:5      | Found a staircase to the Ecumenical Temple.
  4392 | Temple   | Entered the Ecumenical Temple
  4680 | D:5      | Found Wiykur's Antique Weapon Boutique.
  4852 | D:6      | Reached XP level 8. HP: 30/67 MP: 10/10
  4900 | D:6      | Reached skill level 5 in Stealth
  4913 | D:6      | Reached skill level 5 in Fighting
  5281 | D:6      | Reached skill level 5 in Dodging
  7098 | D:8      | Found a flagged portal.
  7133 | Bailey   | Entered a bailey
  7407 | Bailey   | Reached XP level 9. HP: 68/75 MP: 11/11
  7525 | Bailey   | HP: 2/75 [orc warrior/+0 war axe (11)]
  7527 | Bailey   | Slain by an orc warrior

Illustrated notes

Levels and vault maps discovered:
D:1:      sevenhm_arrival_forest_fort_small_4, layout_loops_ring,
          minmay_misc_feat_roman
D:2:      layout_rooms, basic_altar
D:3:      layout_loops_ring, mainiacjoe_overflow_alcove_1,
          biasface_ghost_orc_armoury, uniq_grinder, uniq_ijyb
D:4:      layout_loops_cross, mainiacjoe_overflow_paths, marbit_many_paths,
          uniq_crazy_yiuf_cottage
D:5:      layout_basic, jmf_multi_god_temple2,
          minmay_temple_entry_statues_pillars, nicolae_stop_n_shop_2
D:6:      minmay_recursive_quarters, layout_basic, hangedman_decor_points
D:7:      layout_basic, vehumet_altar_wand_db, nicolae_overflow_crystal_walls,
          mainiacjoe_overflow_surrounded_room
D:8:      lemuel_castle_with_subvaults [lemuel_castle_interior_carwin_1],
          layout_loops_cross, mainiacjoe_overflow_concentric_impassable,
          kennysheep_slug_shrine, lair_entry_dummy, enter_bailey_1,
          grunt_ministairs_9, minivault_19, hangedman_decor_riveting,
          uniq_gastronok, uniq_pikel
Temple:   nicolae_temple_little_seven
Bailey:   bailey_axe_of_yendor_kennysheep, bailey

Skill      XL: |  1  2  3  4  5  6  7  8  9 |
---------------+----------------------------+-----
Stealth        | 1 2 3 4 6 |  6.3
Fighting       | 2 3 4 5 6 |  6.1
Dodging        | 2 3 4 5 6 |  6.0
Ranged Weapons | 4 5 6 |  6.8

Action                   |  1- 3 |  4- 6 |  7- 9 || total
-------------------------+-------+-------+-------++-------
Melee: Dagger            |   747 |       |       ||   747
       Punch             |    16 |     1 |     3 ||    20
       Short sword       |     8 |       |       ||     8
       Unarmed           |     7 |     2 |       ||     9
       Whip              |       |    40 |   137 ||   177
 Fire: Shortbow          |   134 |    60 |   110 ||   304
  Use: Scroll            |     1 |       |    15 ||    16
       Potion            |     1 |     2 |     3 ||     6
 Stab: Confused          |     1 |       |       ||     1
Armor: Leather armour    |    19 |    11 |    26 ||    56
       Skin              |     3 |     1 |       ||     4
Dodge: Dodged            |    52 |    35 |   109 ||   196
